| TOP OF THE 1ST |
|
Salem-Keizer Volcanoes batting - Pitching for Rome Braves : RHP Javy Hernandez
|
|
Pitching: RHP Javy Hernandez
|
|
|
Batting: LHB Joe Hoover
|
0-0: SINGLE (Line Drive, 6M, EV 96.2 MPH)
|
|
Batting: LHB Tom Reynolds
|
0-0: Called Strike 0-1: Ball 1-1: Grounds into double play, 4-6-3 (Groundball, 4D, EV 86.2 MPH)
|
|
Batting: RHB Mario Saez
|
0-0: Ball 1-0: Foul Ball, location: 2F 1-1: Ball 2-1: Foul Ball, location: 2F 2-2: Ball 3-2: SINGLE (Groundball, 6MD, EV 103.1 MPH)
|
|
Batting: LHB Mike Sammons
|
0-0: Ball 1-0: Called Strike 1-1: Ball 2-1: Foul Ball, location: 2F 2-2: Ball 3-2: Ground out 6-3 (Groundball, 6S, EV 91.2 MPH)
|
| Top of the 1st over - 0 runs, 2 hits, 0 errors, 1 left on base; Salem-Keizer 0 - Rome 0 |
| BOTTOM OF THE 1ST |
|
Rome Braves batting - Pitching for Salem-Keizer Volcanoes : RHP Dave Marcelino
|
|
Pitching: RHP Dave Marcelino
|
|
|
Batting: LHB Adam Hairston
|
0-0: Fly out, F9 (Flyball, 89S, EV 90.0 MPH)
|
|
Batting: RHB Dave Pizarro
|
0-0: SINGLE (Groundball, 25, EV 70.0 MPH) (infield hit)
|
|
Batting: RHB Mike Velazquez
|
0-0: Ball Pickoff Play to 1st, Runner tries for 2nd, OUT after rundown. 1-0: Called Strike 1-1: SINGLE (Groundball, 6MD, EV 101.9 MPH)
|
|
Batting: RHB Manny Hensley
|
0-0: Foul Ball, location: 2F 0-1: Ball 1-1: Foul Ball, location: 2F 1-2: Ball 2-2: Foul Ball, location: 2F 2-2: Fly out, F8 (Flyball, 89D, EV 90.0 MPH)
|
| Bottom of the 1st over - 0 runs, 2 hits, 0 errors, 1 left on base; Salem-Keizer 0 - Rome 0 |
| TOP OF THE 2ND |
|
Salem-Keizer Volcanoes batting - Pitching for Rome Braves : RHP Javy Hernandez
|
|
Batting: LHB Adrian Navarro
|
0-0: Ball 1-0: Ball 2-0: Foul Ball, location: 2F 2-1: Ball 3-1: Foul Ball, location: 2F 3-2: Base on Balls
|
|
Batting: LHB Chris Raymond
|
0-0: Foul Ball, location: 2F 0-1: Swinging Strike 0-2: Hit by Pitch Adrian Navarro to second
|
|
Batting: RHB Matt Fabre
|
0-0: Called Strike 0-1: Grounds into double play, 4-6-3 (Groundball, 4, EV 106.9 MPH) Adrian Navarro to third
|
|
Batting: SHB Curtis Thompson
|
0-0: Ball 1-0: Fly out, F6 (Popup, 4M, EV 78.1 MPH)
|
| Top of the 2nd over - 0 runs, 0 hits, 0 errors, 1 left on base; Salem-Keizer 0 - Rome 0 |
| BOTTOM OF THE 2ND |
|
Rome Braves batting - Pitching for Salem-Keizer Volcanoes : RHP Dave Marcelino
|
|
Batting: RHB Yutaka Yamane
|
0-0: Ball 1-0: Fly out, F4 (Line Drive, 4, EV 71.9 MPH)
|
|
Batting: RHB Armando Vazquez
|
0-0: Ball 1-0: Called Strike 1-1: Foul Ball, location: 2F 1-2: Fly out, F8 (Flyball, 8RM, EV 83.1 MPH)
|
|
Batting: LHB Diego Garcia
|
0-0: Ball 1-0: Ball 2-0: Called Strike 2-1: Foul Ball, location: 2F 2-2: Strikes out swinging
|
| Bottom of the 2nd over - 0 runs, 0 hits, 0 errors, 0 left on base; Salem-Keizer 0 - Rome 0 |
| TOP OF THE 3RD |
|
Salem-Keizer Volcanoes batting - Pitching for Rome Braves : RHP Javy Hernandez
|
|
Batting: RHB Ryan Roberts
|
0-0: Ball 1-0: Foul Ball, location: 2F 1-1: Ball 2-1: Called Strike 2-2: Strikes out swinging
|
|
Batting: LHB Joe Hoover
|
0-0: Foul Ball, location: 2F 0-1: Called Strike 0-2: Fly out, F7 (Flyball, 7LS, EV 92.5 MPH)
|
|
Batting: LHB Tom Reynolds
|
0-0: Called Strike 0-1: Called Strike 0-2: Strikes out looking
|
| Top of the 3rd over - 0 runs, 0 hits, 0 errors, 0 left on base; Salem-Keizer 0 - Rome 0 |
| BOTTOM OF THE 3RD |
|
Rome Braves batting - Pitching for Salem-Keizer Volcanoes : RHP Dave Marcelino
|
|
Batting: LHB Ivan Castillo
|
0-0: DOUBLE (Line Drive, 7LS, EV 102.5 MPH)
|
|
Batting: LHB Jason Herr
|
0-0: Foul Ball, location: 2F 0-1: Ball 1-1: Called Strike 1-2: Foul Ball, location: 2F 1-2: Ball 2-2: Ball 3-2: Base on Balls
|
|
Batting: LHB Adam Hairston
|
0-0: Called Strike 0-1: Foul Ball, location: 2F 0-2: Strikes out swinging
|
|
Batting: RHB Dave Pizarro
|
0-0: Foul Ball, location: 2F 0-1: Fly out, F8 (Flyball, 8RD, EV 101.9 MPH)
|
|
Batting: RHB Mike Velazquez
|
0-0: Called Strike 0-1: Ball 1-1: Ball 2-1: Ball 3-1: Base on Balls Ivan Castillo to third Jason Herr to second
|
|
Batting: RHB Manny Hensley
|
0-0: Fielders Choice at 2nd, 6-4 (Groundball, 6, EV 101.9 MPH)
|
| Bottom of the 3rd over - 0 runs, 1 hit, 0 errors, 3 left on base; Salem-Keizer 0 - Rome 0 |
| TOP OF THE 4TH |
|
Salem-Keizer Volcanoes batting - Pitching for Rome Braves : RHP Javy Hernandez
|
|
Batting: RHB Mario Saez
|
0-0: Called Strike 0-1: Called Strike 0-2: Ball 1-2: Ground out 6-3 (Groundball, 56, EV 83.8 MPH)
|
|
Batting: LHB Mike Sammons
|
0-0: Called Strike 0-1: Ball 1-1: Ball 2-1: Called Strike 2-2: Strikes out swinging
|
|
Batting: LHB Adrian Navarro
|
0-0: Ball 1-0: SINGLE (Flyball, 5D, EV 83.1 MPH)
|
|
Batting: LHB Chris Raymond
|
0-0: Ball Adrian Navarro steals 2nd base 1-0: Swinging Strike 1-1: Ball 2-1: Swinging Strike 2-2: Fly out, F9 (Flyball, 9LDF, EV 85.0 MPH)
|
| Top of the 4th over - 0 runs, 1 hit, 0 errors, 1 left on base; Salem-Keizer 0 - Rome 0 |
| BOTTOM OF THE 4TH |
|
Rome Braves batting - Pitching for Salem-Keizer Volcanoes : RHP Dave Marcelino
|
|
Batting: RHB Yutaka Yamane
|
0-0: Ball 1-0: Ball 2-0: Called Strike 2-1: Ball 3-1: Ground out U3 (Groundball, 34S, EV 84.4 MPH)
|
|
Batting: RHB Armando Vazquez
|
0-0: Called Strike 0-1: Foul Ball, location: 2F 0-2: Ball 1-2: SINGLE (Line Drive, 4D, EV 100.6 MPH)
|
|
Batting: LHB Diego Garcia
|
0-0: Ball 1-0: Fly out, F9 (Flyball, 9S, EV 78.8 MPH)
|
|
Batting: LHB Ivan Castillo
|
0-0: Ball Armando Vazquez steals 2nd base 1-0: 2-RUN HOME RUN (Flyball, 7LD, EV 96.2 MPH), Distance : 362 ft
|
|
Batting: LHB Jason Herr
|
0-0: Ground out U3 (Groundball, 3, EV 80.6 MPH)
|
| Bottom of the 4th over - 2 runs, 2 hits, 0 errors, 0 left on base; Salem-Keizer 0 - Rome 2 |
| TOP OF THE 5TH |
|
Salem-Keizer Volcanoes batting - Pitching for Rome Braves : RHP Javy Hernandez
|
|
Batting: RHB Matt Fabre
|
0-0: Foul Ball, location: 2F 0-1: Called Strike 0-2: Ball 1-2: Ball 2-2: SINGLE (Groundball, 34D, EV 102.5 MPH)
|
|
Batting: SHB Curtis Thompson
|
0-0: Ball 1-0: Called Strike 1-1: Foul Ball, location: 2F 1-2: Foul Ball, location: 2F 1-2: Foul Ball, location: 2F 1-2: Reached on error, E1 (Groundball, 13S, EV 66.9 MPH) Matt Fabre to second
|
|
Batting: RHB Ryan Roberts
|
0-0: Ball 1-0: Called Strike 1-1: Grounds into double play, 5-4-3 (Groundball, 56, EV 89.4 MPH) Matt Fabre to third
|
|
Batting: LHB Joe Hoover
|
0-0: Fly out, F9 (Line Drive, 9LM, EV 91.2 MPH)
|
| Top of the 5th over - 0 runs, 1 hit, 1 error, 1 left on base; Salem-Keizer 0 - Rome 2 |
| BOTTOM OF THE 5TH |
|
Rome Braves batting - Pitching for Salem-Keizer Volcanoes : RHP Dave Marcelino
|
|
Batting: LHB Adam Hairston
|
0-0: Ball 1-0: Foul Ball, location: 2F 1-1: Ball 2-1: Foul Ball, location: 2F 2-2: Foul Ball, location: 2F 2-2: Ball 3-2: Ground out 5-3 (Groundball, 56S, EV 92.5 MPH)
|
|
Batting: RHB Dave Pizarro
|
0-0: Foul Ball, location: 2F 0-1: Fly out, F8 (Flyball, 89D, EV 107.5 MPH)
|
|
Batting: RHB Mike Velazquez
|
0-0: Called Strike 0-1: Swinging Strike 0-2: Strikes out swinging
|
| Bottom of the 5th over - 0 runs, 0 hits, 0 errors, 0 left on base; Salem-Keizer 0 - Rome 2 |
| TOP OF THE 6TH |
|
Salem-Keizer Volcanoes batting - Pitching for Rome Braves : RHP Javy Hernandez
|
|
Batting: LHB Tom Reynolds
|
0-0: Ball 1-0: Called Strike 1-1: Ball 2-1: Ball 3-1: Foul Ball, location: 2F 3-2: SINGLE (Line Drive, 5D, EV 97.5 MPH)
|
|
Batting: RHB Mario Saez
|
0-0: Ball 1-0: Called Strike 1-1: Ball 2-1: Ball 3-1: Swinging Strike 3-2: DOUBLE (Line Drive, 7LM, EV 92.5 MPH) Tom Reynolds to third Tom Reynolds scores
|
|
Batting: LHB Mike Sammons
|
0-0: Reached on error, E4 (Groundball, 4, EV 98.1 MPH) Mario Saez to third
|
|
Batting: LHB Adrian Navarro
|
0-0: Called Strike 0-1: Foul Ball, location: 2F 0-2: Ball 1-2: Ball 2-2: DOUBLE (Flyball, 89D, EV 106.9 MPH) Mario Saez scores Mike Sammons to third
|
|
Batting: LHB Chris Raymond
|
0-0: Ball 1-0: Ball 2-0: DOUBLE (Line Drive, 7LS, EV 98.1 MPH) Mike Sammons scores Adrian Navarro scores
|
|
Batting: RHB Matt Fabre
|
0-0: Called Strike 0-1: Ground out U3 (Groundball, 34, EV 101.9 MPH) Chris Raymond to third
|
|
Batting: SHB Curtis Thompson
|
0-0: Swinging Strike 0-1: Ball 1-1: Swinging Strike 1-2: Foul Ball, location: 2F 1-2: Ball 2-2: Foul Ball, location: 2F 2-2: Foul Ball, location: 2F 2-2: DOUBLE (Flyball, 7LD, EV 110.6 MPH) Chris Raymond scores
|
|
Batting: RHB Ryan Roberts
|
0-0: Called Strike 0-1: Ball 1-1: Fly out, F9 (Line Drive, 89M, EV 95.0 MPH)
|
|
Pitching: LHP Sam Brown
|
|
|
Batting: LHB Joe Hoover
|
0-0: Ball 1-0: Ball 2-0: Swinging Strike 2-1: Called Strike 2-2: SINGLE (Groundball, 3D, EV 96.9 MPH) Curtis Thompson to third Runner from 3rd tries for Home, SAFE, throw by RF to home
|
|
Batting: LHB Tom Reynolds
|
0-0: Called Strike 0-1: Fielders Choice at 2nd, 6-4 (Groundball, 6, EV 102.5 MPH)
|
| Top of the 6th over - 6 runs, 6 hits, 1 error, 1 left on base; Salem-Keizer 6 - Rome 2 |
| BOTTOM OF THE 6TH |
|
Rome Braves batting - Pitching for Salem-Keizer Volcanoes : RHP Dave Marcelino
|
|
Batting: RHB Manny Hensley
|
0-0: Called Strike 0-1: Swinging Strike 0-2: Ball 1-2: Ball 2-2: Strikes out swinging
|
|
Batting: RHB Yutaka Yamane
|
0-0: SINGLE (Groundball, 4D, EV 103.1 MPH)
|
|
Batting: RHB Armando Vazquez
|
0-0: Foul Ball, location: 2F 0-1: Called Strike 0-2: Ball Passed Ball! Yutaka Yamane to second 1-2: Foul Ball, location: 2F 1-2: Strikes out swinging
|
|
Batting: LHB Diego Garcia
|
0-0: Ball 1-0: Ball 2-0: Ball 3-0: Called Strike 3-1: Swinging Strike 3-2: Strikes out swinging
|
| Bottom of the 6th over - 0 runs, 1 hit, 0 errors, 1 left on base; Salem-Keizer 6 - Rome 2 |
| TOP OF THE 7TH |
|
Salem-Keizer Volcanoes batting - Pitching for Rome Braves : LHP Sam Brown
|
|
Batting: RHB Mario Saez
|
0-0: Ball 1-0: Swinging Strike 1-1: Ball 2-1: Ball 3-1: Called Strike 3-2: Ground out 6-3 (Groundball, 6S, EV 71.2 MPH)
|
|
Batting: LHB Mike Sammons
|
0-0: Called Strike 0-1: Fly out, F8 (Flyball, 8LD, EV 86.2 MPH)
|
|
Batting: LHB Adrian Navarro
|
0-0: Ball 1-0: Ball 2-0: Ground out 4-3 (Groundball, 4, EV 85.6 MPH)
|
| Top of the 7th over - 0 runs, 0 hits, 0 errors, 0 left on base; Salem-Keizer 6 - Rome 2 |
| BOTTOM OF THE 7TH |
|
Rome Braves batting - Pitching for Salem-Keizer Volcanoes : RHP Dave Marcelino
|
|
Pitching: RHP Emilio Gonzalez
|
|
|
Now at 1B: J.R. Roberts
|
|
|
Now in LF: Mario Mendoza
|
|
|
Now in CF: Houston Brock
|
|
|
Batting: LHB Ivan Castillo
|
0-0: Swinging Strike 0-1: Ground out 4-3 (Groundball, 4, EV 86.9 MPH)
|
|
Batting: LHB Jason Herr
|
0-0: Fly out, F8 (Flyball, 8RXD, EV 111.9 MPH)
|
|
Batting: LHB Adam Hairston
|
0-0: Ball 1-0: Called Strike 1-1: Foul Ball, location: 2F 1-2: Strikes out swinging, 2-3 out at first.
|
| Bottom of the 7th over - 0 runs, 0 hits, 0 errors, 0 left on base; Salem-Keizer 6 - Rome 2 |
| TOP OF THE 8TH |
|
Salem-Keizer Volcanoes batting - Pitching for Rome Braves : LHP Sam Brown
|
|
Batting: LHB Chris Raymond
|
0-0: Ball 1-0: Ball 2-0: Ball 3-0: Called Strike 3-1: Foul Ball, location: 2F 3-2: Base on Balls
|
|
Batting: RHB Matt Fabre
|
Pickoff Throw to First - Out! 1-3 CS 0-0: Ball 1-0: Ball 2-0: Ball 3-0: Called Strike 3-1: Called Strike 3-2: Strikes out looking
|
|
Batting: SHB Curtis Thompson
|
0-0: DOUBLE (Line Drive, 7LM, EV 88.8 MPH)
|
|
Batting: RHB Ryan Roberts
|
0-0: Called Strike 0-1: Ball 1-1: Called Strike 1-2: Strikes out swinging
|
| Top of the 8th over - 0 runs, 1 hit, 0 errors, 1 left on base; Salem-Keizer 6 - Rome 2 |
| BOTTOM OF THE 8TH |
|
Rome Braves batting - Pitching for Salem-Keizer Volcanoes : RHP Emilio Gonzalez
|
|
Now at SS: Jim Begger
|
|
|
Now in RF: Andy Cunningham
|
|
|
Batting: RHB Dave Pizarro
|
0-0: Ball 1-0: Called Strike 1-1: Called Strike 1-2: Strikes out swinging
|
|
Batting: RHB Mike Velazquez
|
0-0: Ball 1-0: Ball 2-0: Swinging Strike 2-1: Ball 3-1: Called Strike 3-2: Ground out 4-3 (Groundball, 4, EV 80.6 MPH)
|
|
Batting: RHB Manny Hensley
|
0-0: Ball 1-0: Ball 2-0: Foul Ball, location: 2F 2-1: Called Strike 2-2: Ball 3-2: Strikes out looking
|
| Bottom of the 8th over - 0 runs, 0 hits, 0 errors, 0 left on base; Salem-Keizer 6 - Rome 2 |
| TOP OF THE 9TH |
|
Salem-Keizer Volcanoes batting - Pitching for Rome Braves : LHP Sam Brown
|
|
Batting: RHB Mario Mendoza
|
0-0: Ball 1-0: Called Strike 1-1: Ball 2-1: Foul Ball, location: 2F 2-2: Strikes out swinging
|
|
Batting: LHB Tom Reynolds
|
0-0: Ball 1-0: Ball 2-0: Foul Ball, location: 2F 2-1: Called Strike 2-2: Ball 3-2: Strikes out swinging
|
|
Batting: RHB J.R. Roberts
|
0-0: Called Strike 0-1: SOLO HOME RUN (Flyball, 8LXD, EV 116.2 MPH), Distance : 461 ft
|
|
Batting: LHB Mike Sammons
|
0-0: Ball 1-0: Ball 2-0: Called Strike 2-1: Called Strike 2-2: Strikes out looking
|
| Top of the 9th over - 1 run, 1 hit, 0 errors, 0 left on base; Salem-Keizer 7 - Rome 2 |
| BOTTOM OF THE 9TH |
|
Rome Braves batting - Pitching for Salem-Keizer Volcanoes : RHP Emilio Gonzalez
|
|
Pitching: LHP Eric Larsen
|
|
|
Batting: RHB Yutaka Yamane
|
0-0: Called Strike 0-1: Ball 1-1: Ball 2-1: Called Strike 2-2: Strikes out looking
|
|
Batting: RHB Armando Vazquez
|
0-0: Ball 1-0: Foul Ball, location: 2F 1-1: Called Strike 1-2: Strikes out swinging
|
|
Batting: LHB Diego Garcia
|
0-0: Ground out 4-3 (Groundball, 4, EV 88.8 MPH)
|
| Bottom of the 9th over - 0 runs, 0 hits, 0 errors, 0 left on base; Salem-Keizer 7 - Rome 2 |
|